 Dungeon Crawl Stone Soup version 0.30-a0-883-g5ad918d (webtiles) character file.

Game seed: 4608166471255667301

7385 Illumine the Grappler (level 10, 0/81 (91) HPs)
             Began as a Troll Chaos Knight on Mar 15, 2023.
             Was a Plaything of Xom.
             Slain by a wight
             ... wielding a +0 hand axe
              (5 damage)
             ... on level 10 of the Dungeon.
             The game lasted 00:13:40 (8289 turns).

Illumine the Grappler (Troll Chaos Knight)          Turns: 8289, Time: 00:13:41

HP:   0/81 (91)     AC:  5    Str: 26    XL:     10   Next: 92%
MP:   9/9           EV: 10    Int: 12    God:    Xom [....*.]
Gold: 547           SH:  0    Dex:  9    Spells: 9/9 levels left

rFire   + . .      SeeInvis .      - Unarmed
rCold   + . .      Faith    .    (no shield)
rNeg    . . .      Spirit   .    G - +1 robe {rC+ rF+}
rPois   .          Reflect  .    (helmet restricted)
rElec   .          Rampage  .    (no cloak)
rCorr   .                        (gloves unavailable)
Will    .....                    (boots unavailable)
Stlth   +                        n - amulet of the acrobat
HPRegen 1.13/turn                r - +6 ring of intelligence
MPRegen 0.11/turn                (no ring)

@: heavily drained
A: large, unfitting armour, claws 3, regeneration 1, shaggy fur 1, tough skin 1,
dopey 1, frail 1, screaming 1
a: Renounce Religion


You were on level 10 of the Dungeon.
You worshipped Xom.
You were a beloved toy of Xom.
You visited 1 branch of the dungeon, and saw 10 of its levels.
You also visited: Bailey.

You collected 547 gold pieces.

Inventory:

Hand Weapons
 t - a +2 heavy dire flail
 F - a +0 spear of venom
Missiles
 m - 19 poisoned darts
 w - 3 atropa-tipped darts
 y - 6 silver javelins
 J - 7 boomerangs (quivered)
Armour
 a - a +2 robe
 G - a +1 robe of resistance (worn)
Jewellery
 n - an amulet of the acrobat (around neck)
 r - a +6 ring of intelligence (left claw)
 s - a +6 ring of intelligence
 K - a ring of flight
Wands
 I - a wand of polymorph (2)
Scrolls
 c - 11 scrolls of teleportation
 d - 2 scrolls of identify
 f - a scroll of enchant armour
 g - 2 scrolls of magic mapping
 p - 2 scrolls of immolation {unknown}
 u - a scroll of blinking
 v - 2 scrolls of fear {unknown}
 C - 5 scrolls of enchant weapon
 D - a scroll of acquirement {unknown}
 E - a scroll of amnesia {unknown}
Potions
 e - 9 potions of flight
 h - 2 potions of resistance
 i - 4 potions of heal wounds
 j - 2 potions of curing
 k - 2 potions of might
 l - a potion of lignification
 o - a potion of magic {unknown}
 q - a potion of attraction {unknown}
 x - 2 potions of mutation {unknown}
 z - 3 potions of brilliance {unknown}
 A - 2 potions of haste {unknown}
 B - a potion of invisibility {unknown}
 H - a potion of cancellation {unknown}
Miscellaneous
 b - a piece from Xom's chessboard (14/15)


   Skills:
 + Level 7.3 Fighting
 + Level 5.1 Throwing
 + Level 4.5 Armour
 - Level 4.0 Dodging
 * Level 12.0 Unarmed Combat


You had 9 spell levels left.
You didn't know any spells.
Your spell library contained the following spells:

 Spells                   Type           Power      Damage    Failure   Level
 Apportation              Tloc           0%         N/A       32%         1
 Freeze                   Ice            0%         1d3       32%         1
 Necrotise                Necr           0%         1d4       32%         1
 Summon Small Mammal      Summ           0%         N/A       32%         1
 Call Canine Familiar     Summ           0%         N/A       69%         3
 Frozen Ramparts          Ice            0%         1d1       69%         3
 Hailstorm                Conj/Ice       0%         3d3       69%         3
 Kindle Blastsparks       Fire/Tloc/Air  0%         2d10      69%         3
 Portal Projectile        Hex/Tloc       0%         N/A       69%         3
 Fulminant Prism          Conj/Hex       0%         3d5       97%         4
 Iskenderun's Mystic Bla  Conj/Tloc      0%         2d3       97%         4
 Leda's Liquefaction      Hex/Erth       0%         N/A       97%         4
 Blade Hands              Tmut           0%         N/A       100%        5
 Irradiate                Conj/Tmut      0%         3d11      100%        5
 Lee's Rapid Deconstruct  Erth           0%         3d4*      100%        5
 Dragon Form              Tmut           0%         N/A       100%        7


Dungeon Overview and Level Annotations

Branches:
Dungeon (10/15)            Temple (0/1) D:7          Bailey (visited)
   Lair: D:8-11         Orc: D:9-12

Altars:
Makhleb
Okawaru
Ru
Xom

Shops:
D:2 *   D:3 [

Annotations:
D:7 1 runed translucent door, Crazy Yiuf


Innate Abilities, Weirdness & Mutations

You are too large for most types of armour.
You have claws for hands.
Your natural rate of healing is unusually fast.
You are covered in fur. (AC +1)
You have tough skin. (AC +1)
You are dopey. (Int -2)
You are frail. (-10% HP)
You occasionally shout uncontrollably at your foes.


Message History

A wight comes into view. It is wielding a +4 trident.
A wight comes into view. It is wielding a +0 halberd.
The wight completely misses you.
A wight comes into view. It is wielding a +3 spear.
You closely miss the wight. You barely miss the wight.
You barely miss the wight. You barely miss the wight.
The wight hits you with a +3 falchion.
You feel drained.
You claw the wight! Your claw misses the wight.
The wight is severely damaged.
The wight hits you with a +0 hand axe. The wight hits you with a +3 falchion!
You feel drained.
Unknown command.
You closely miss the wight.
The wight is severely damaged.
The wight hits you with a +0 hand axe. The wight barely misses you.
The wight hits you with a +3 falchion!
You feel drained. The wight completely misses you. The wight barely misses you.
The wight closely misses you. x2; The wight misses you.
Unknown command.
You scratch the wight but do no damage.
Unknown command.
You barely miss the wight.
The wight is severely damaged.
The wight hits you with a +0 hand axe. The wight hits you with a +0 halberd!
You feel drained. The wight hits you with a +4 trident!
The wight closely misses you. The wight hits you with a +3 falchion.
* * * LOW HITPOINT WARNING * * *
Unknown command.
Okay, then.
You make a move on Xom's chessboard...
The wight seems to speed up.
The wight closely misses you. The wight hits you with a +0 halberd!
* * * LOW HITPOINT WARNING * * *
The wight hits you from afar with a +3 spear.
* * * LOW HITPOINT WARNING * * *
You feel drained. The wight barely misses you.
The wight hits you with a +0 hand axe.
You die...
Xom roars with laughter!

...!......+,,,,,,,,*,,,,,,,,,*
..........#,,,,,,,,*,,,,,,,,,*
...#####..#,,,,,,,,*,,,,,,,,,*
...*,,,#..#,,,,,,,,*,,,,,,,,,*
...*,,,#..#,,,,,,,,*,,,.,,,,,####
,,,*,,,#..*,,,,,,,,*,...,,,,,....
,,,*,,,#..##########....,,,,,,...
,,,*,,,#.......zzz......,******#.
*,,*,,,#........@zz.....,* #.
#,,*,,,#.....########...,* #.
#..*,,,#.....# *,,,,# #.
#..*,,,#.....# *,,,.## #.
+..#+###.....# *,,...# #.
#............# *,....# #.
.............# ######.....######.
.............#*#.................
.................................


You could see 5 wights.

Vanquished Creatures
  A two-headed ogre (D:10)
  Pikel (D:6)
  Maurice (D:9)
  A kobold demonologist (D:8)
  A blink frog (shapeshifter) (D:6)
  Sigmund (D:6)
  4 slime creatures (D:9)
  A vampire (D:10)
  4 yaks (D:9)
  A steam dragon (D:8)
  A basilisk (D:9)
  An acid dragon (D:10)
  Edmund (D:4)
  9 orc warriors
  2 sky beasts (D:6)
  3 centaurs
  An ogre (D:4)
  A phantom (D:5)
  Blork the orc (D:6)
  A kobold brigand (D:8)
  2 bullfrogs
  A gnoll sergeant (D:7)
  A scorpion (D:6)
  12 wights
  A howler monkey (D:6)
  4 crimson imps (D:6)
  3 hounds
  A jelly (D:6)
  4 orc priests
  2 iguanas
  A sleepcap (D:4)
  6 orc wizards
  Robin (D:2)
  9 gnolls
  8 adders
  4 white imps
  2 worms (D:2)
  2 dart slugs
  17 orcs
  6 ball pythons
  5 endoplasms
  A giant cockroach (D:4)
  14 goblins
  14 hobgoblins
  8 jackals
  24 kobolds
  4 quokkas
  2 bats
  3 frilled lizards
  6 rats
205 creatures vanquished.

Vanquished Creatures (collateral kills)
  A slime creature (D:9)
  A shadow imp (D:6)
2 creatures vanquished.

Vanquished Creatures (others)
  An orc (D:6)
1 creature vanquished.

Grand Total: 208 creatures vanquished

Notes
Turn   | Place    | Note
-------+----------+-------------------------------------------
     0 | D:1      | Illumine the Troll Chaos Knight began the quest for the
                  | Orb.
     0 | D:1      | Reached XP level 1. HP: 22/22 MP: 0/0
    77 | D:1      | Reached XP level 2. HP: 29/29 MP: 1/1
   447 | D:1      | XOM is BORED!
   447 | D:1      | XOM: silly message
   478 | D:1      | XOM: smoke on damage
   492 | D:1      | XOM: divination: detect creatures
   797 | D:1      | XOM: silly message
   944 | D:2      | XOM: confuse monster(s)
   952 | D:2      | Reached XP level 3. HP: 36/36 MP: 2/2
  1012 | D:2      | Found Duecux's Assorted Antiques.
  1031 | D:2      | XOM: 3-stop teleportation journey
  1102 | D:2      | Noticed Robin
  1112 | D:2      | Killed Robin
  1113 | D:2      | Reached skill level 4 in Unarmed Combat
  1120 | D:2      | Reached XP level 4. HP: 42/44 MP: 3/3
  1247 | D:2      | XOM: enchant monster (bad)
  1358 | D:2      | XOM: divination: detect items
  1933 | D:3      | Found Qimipt's Armour Emporium.
  1983 | D:3      | XOM is BORED!
  1983 | D:3      | XOM: give mutations
  1983 | D:3      | Gained mutation: You are frail. (-10% HP) [Xom's mischief]
  1983 | D:3      | Gained mutation: You occasionally shout uncontrollably at
                  | your foes. [Xom's mischief]
  1983 | D:3      | Gained mutation: You are dopey. (Int -2) [Xom's mischief]
  2138 | D:3      | Reached XP level 5. HP: 44/47 MP: 4/4
  2448 | D:4      | Found a sacrificial altar of Ru.
  2495 | D:4      | Noticed an ogre
  2502 | D:4      | Killed an ogre
  2503 | D:4      | Reached skill level 5 in Unarmed Combat
  2578 | D:4      | Reached XP level 6. HP: 53/54 MP: 5/5
  2725 | D:4      | Found an iron altar of Okawaru.
  2752 | D:4      | Noticed Edmund
  2753 | D:4      | XOM: confuse monster(s)
  2759 | D:4      | XOM: swap monsters
  2769 | D:4      | Killed Edmund
  2871 | D:4      | XOM: summons 4 hostile demons
  2917 | D:4      | XOM: 1-stop teleportation journey
  3013 | D:5      | Entered Level 5 of the Dungeon
  3124 | D:5      | XOM: silly message
  3244 | D:5      | Found a burning altar of Makhleb.
  3244 | D:5      | XOM: 2-stop teleportation journey
  3258 | D:5      | Reached skill level 6 in Unarmed Combat
  3258 | D:5      | Reached XP level 7. HP: 52/61 MP: 6/6
  3793 | D:6      | XOM: potion effect (brilliance)
  3927 | D:6      | Noticed Pikel
  3939 | D:6      | XOM: summons 3 friendly demons
  3942 | D:6      | Killed Pikel
  3943 | D:6      | Reached skill level 7 in Unarmed Combat
  3943 | D:6      | Reached XP level 8. HP: 17/71 MP: 7/7
  4023 | D:6      | Noticed Sigmund
  4048 | D:6      | XOM: confuse monster(s)
  4049 | D:6      | Noticed Blork the orc
  4051 | D:6      | XOM: potion effect (invisibility)
  4062 | D:6      | Reached skill level 8 in Unarmed Combat
  4062 | D:6      | XOM: fake destruction
  4068 | D:6      | Killed Blork the orc
  4069 | D:6      | Reached skill level 5 in Fighting
  4084 | D:6      | Killed Sigmund
  4244 | D:6      | Found a shimmering altar of Xom.
  4260 | D:6      | Reached skill level 9 in Unarmed Combat
  4388 | D:6      | an ice beast changed into a shapeshifter
  4388 | D:6      | Noticed a shapeshifter (shapeshifter)
  4388 | D:6      | XOM: polymorph ice beast -> shapeshifter
  4388 | D:6      | a shapeshifter changed into a blink frog
  4388 | D:6      | Noticed a blink frog (shapeshifter)
  4394 | D:6      | Killed a blink frog
  4395 | D:6      | Reached skill level 1 in Throwing
  4395 | D:6      | Reached skill level 1 in Armour
  4395 | D:6      | Reached XP level 9. HP: 50/79 MP: 8/8
  4920 | D:7      | Found a runed translucent door.
  4921 | D:7      | Noticed Crazy Yiuf
  4980 | D:7      | Found a staircase to the Ecumenical Temple.
  5018 | D:7      | XOM: 3-stop teleportation journey
  5466 | D:7      | XOM: enchant monster (good)
  5787 | D:8      | Reached skill level 10 in Unarmed Combat
  5884 | D:8      | XOM: 1-stop teleportation journey
  5903 | D:8      | XOM: cast spell 'Call Canine Familiar'
  6016 | D:8      | XOM: confuse monster(s)
  6053 | D:8      | XOM: cast spell 'Leda's Liquefaction'
  6168 | D:8      | Noticed a kobold demonologist
  6177 | D:8      | Killed a kobold demonologist
  6715 | D:9      | XOM: noise
  6723 | D:9      | Noticed Maurice
  6734 | D:9      | Killed Maurice
  6736 | D:9      | Reached XP level 10. HP: 86/90 MP: 9/9
  6822 | D:9      | XOM: potion effect (invisibility)
  7179 | D:9      | XOM: swap monsters
  7185 | D:9      | Reached skill level 11 in Unarmed Combat
  7433 | D:9      | XOM: swap monsters
  7440 | D:9      | XOM: summons 2 friendly demons
  7447 | D:9      | XOM: scenery: create altars
  7449 | D:9      | XOM: summons 2 friendly demons
  7450 | D:9      | XOM: enchant monster (good)
  7450 | D:9      | XOM: smoke on damage
  7452 | D:9      | HP: 4/90 [slime creature (17)]
  7454 | D:9      | HP: 1/90 [slime creature (5)]
  7591 | D:9      | XOM: divination: detect items
  7628 | D:10     | Entered Level 10 of the Dungeon
  7636 | D:10     | Found a flagged portal.
  7658 | Bailey   | Entered a bailey
  7696 | Bailey   | XOM: 5-stop teleportation journey
  7706 | Bailey   | XOM: summons 3 friendly demons
  7859 | Bailey   | XOM: noise
  8079 | D:10     | Noticed a two-headed ogre
  8085 | D:10     | Killed a two-headed ogre
  8086 | D:10     | Reached skill level 5 in Throwing
  8086 | D:10     | Reached skill level 12 in Unarmed Combat
  8181 | D:10     | XOM: potion effect (might)
  8210 | D:10     | XOM: 3-stop teleportation journey
  8289 | D:10     | Slain by a wight

Illustrated notes

Levels and vault maps discovered:
D:1:      minmay_arrival_floating_metal, layout_basic, chequers_arboretum
D:2:      layout_basic, serial_shops, nicolae_shop_competitors_out_of_business,
          minmay_pentomino_u2, uniq_robin
D:3:      layout_basic, serial_shops, shop
D:4:      layout_rooms, okawaru_trees_2, nicolae_ru_path_of_blood,
          nrook_loot_triangle, hangedman_decor_opposing, nicolae_hexahallways,
          uniq_edmund
D:5:      layout_loops_ring, mainiacjoe_overflow_concentric_impassable
D:6:      layout_gridville, led_xom_imps, uniq_pikel, uniq_sigmund,
          uniq_blork_the_orc
D:7:      layout_loops_ring, minmay_temple_entry_antechambers,
          uniq_crazy_yiuf_cottage
D:8:      layout_basic, grunt_ministairs_12
D:9:      layout_cave_pods, uniq_maurice
D:10:     layout_irregular_city, mainiacjoe_overflow_alcove_4, enter_bailey_2

Skill      XL: |  1  2  3  4  5  6  7  8  9 10 |
---------------+-------------------------------+-----
Dodging        | 2 3 4 |  4.0
Unarmed Combat | 4 5 6 7 9 10 12 | 12.0
Fighting       | 3 4 5 6 7 |  7.3
Throwing       | 1 3 5 |  5.1
Armour         | 1 3 4 |  4.5

Action                     |  1- 3 |  4- 6 |  7- 9 | 10-12 || total
---------------------------+-------+-------+-------+-------++-------
  Melee: Unarmed           |   108 |   183 |   193 |   111 ||   595
         Punch             |       |     5 |     5 |     3 ||    13
  Throw: Dart              |       |       |    16 |       ||    16
         Javelin           |       |       |     2 |     3 ||     5
         Boomerang         |       |       |       |    37 ||    37
  Evoke: Piece from Xom's  |       |     1 |     2 |     4 ||     7
    Use: Potion            |       |       |     6 |       ||     6
         Scroll            |       |       |     6 |     4 ||    10
   Stab: Invisible         |       |       |     4 |     1 ||     5
         Paralysed         |       |       |     4 |       ||     4
         Distracted        |       |       |       |     1 ||     1
         Confused          |       |       |       |     1 ||     1
 Armour: Robe              |    28 |    72 |    39 |    11 ||   150
         Skin              |       |       |    31 |       ||    31
  Dodge: Dodged            |    50 |    88 |   113 |    70 ||   321

Table legend: (Time is in decaauts)
 A = Elapsed time spent in this place.
 B = Non-inter-level travel time spent in this place.
 C = Inter-level travel time spent in this place.
 D = Time resting spent in this place.
 E = Time spent auto-exploring this place.
 F = Levels seen in this place.
 G = Mean time per level.
                   A        B        C        D        E       F      G
               +--------+--------+--------+--------+--------+-----+--------+
         Total |   8211 |   7857 |    354 |    363 |   6009 |  11 |  746.5 |
       Dungeon |   7801 |   7447 |    354 |    270 |   5807 |  10 |  780.1 |
        Bailey |    409 |    409 |      0 |     93 |    202 |   1 |  409.0 |
               +--------+--------+--------+--------+--------+-----+--------+

Top non-repeatable levels by time:
     D:7: 997 daAuts
     D:6: 966 daAuts
     D:9: 964 daAuts
     D:1: 884 daAuts
     D:8: 865 daAuts
     D:2: 788 daAuts
     D:5: 774 daAuts
     D:4: 704 daAuts
     D:3: 614 daAuts
  Bailey: 409 daAuts
    D:10: 241 daAuts
